 Dungeon Crawl Stone Soup version 0.22-a0-192-g6ffc940 (webtiles) character file.

55 vishdafish the Bolt Thrower (level 3, -2/42 HPs)
             Began as a Demonspawn Hunter on Feb 16, 2018.
             Succumbed to vishdafish's ghost's poison
             ... on level 3 of the Dungeon.
             The game lasted 00:02:02 (1389 turns).

vishdafish the Bolt Thrower (Demonspawn Hunter)     Turns: 1389, Time: 00:02:04

Health: -2/42      AC:  4    Str: 17    XL:     3   Next: 67%
Magic:  3/3        EV: 12    Int: 13    God:
Gold:   84         SH:  0    Dex: 13    Spells: 2/2 levels left

rFire    . . .     SeeInvis .   m - +1 mace (drain)
rCold    . . .     Gourm    .   (no shield)
rNeg     . . .     Faith    .   c - +0 leather armour
rPois    .         Spirit   .   (no helmet)
rElec    .         Reflect  .   o - +0 cloak (curse)
rCorr    .         Harm     .   (no gloves)
MR       .....                  (no boots)
Stlth    ..........             (no amulet)
HPRegen  0.14/turn              (no ring)
MPRegen  0.08/turn              (no ring)

@: berserking (expiring), lethally poisoned (-2 -> -38), very quick
A: talons 2
a: no special abilities


You were on level 3 of the Dungeon.
You were not hungry.

You visited 1 branch of the dungeon, and saw 3 of its levels.

You collected 84 gold pieces.

Inventory:

Hand Weapons
 a - a +1 hand crossbow
 m - a +1 mace of draining (weapon)
Missiles
 d - 10 bolts
Armour
 c - a +0 leather armour (worn)
 o - a cursed +0 cloak (worn)
Jewellery
 r - an uncursed amulet of harm {unknown}
Scrolls
 b - 2 scrolls of random uselessness {unknown}
 g - 3 scrolls of identify {unknown}
 j - a scroll of blinking {unknown}
 k - 2 scrolls of magic mapping {unknown}
 l - a scroll of amnesia {unknown}
Potions
 e - a potion of flight {unknown}
 h - a potion of resistance {unknown}
 n - 3 potions of degeneration {unknown}
 p - a potion of heal wounds {unknown}
Comestibles
 f - 7 rations


   Skills:
 + Level 2.5 Fighting
 * Level 4.1 Crossbows
 + Level 1.2 Armour
 + Level 2.2 Dodging
 - Level 0.8 Stealth


You had 2 spell levels left.
You didn't know any spells.

Dungeon Overview and Level Annotations

Branches:
Dungeon (3/15)

Altars:

Annotations:
D:3 vishdafish's ghost, amateur DsHu


Innate Abilities, Weirdness & Mutations

You have razor-sharp toenails.


Message History

You feel a strong urge to attack something.
You feel sick.
You climb downwards.
Level annotation: vishdafish's ghost, amateur DsHu You feel sick.
Vishdafish's ghost hits you.
You are lethally poisoned!
There is a stone staircase leading up, spattered with blood here.
You sock vishdafish's ghost!
Vishdafish's ghost is lightly damaged.
You feel sick. Vishdafish's ghost hits you.
* * * LOW HITPOINT WARNING * * *
You hit vishdafish's ghost. Your kick misses vishdafish's ghost.
Vishdafish's ghost is moderately damaged.
* * * LOW HITPOINT WARNING * * *
You feel sick. Vishdafish's ghost hits you.
* * * LOW HITPOINT WARNING * * *
You are more poisoned.
You closely miss vishdafish's ghost. Your kick misses vishdafish's ghost.
Vishdafish's ghost is moderately damaged.
You die...

#.........#
#........(.
#.........#
#.........#
#.........#
#........?#
#####..W.......
.......@......#
###############


You could see vishdafish's ghost.

Vanquished Creatures
  An adder (D:2)
  3 dart slugs
  A giant cockroach (D:2)
  5 goblins
  5 hobgoblins
  4 jackals (D:1)
  7 kobolds
  A ball python (D:2)
  4 bats
  3 frilled lizards
  A rat (D:1)
35 creatures vanquished.

Notes
Turn   | Place    | Note
-------+----------+-------------------------------------------
     0 | D:1      | vishdafish the Demonspawn Hunter began the quest for the Orb.
     0 | D:1      | Reached XP level 1. HP: 16/16 MP: 1/1
   249 | D:1      | Gained mutation: You have sharp toenails. [demonic ancestry]
   249 | D:1      | Reached XP level 2. HP: 22/22 MP: 2/2
   720 | D:2      | Reached skill level 4 in Crossbows
   724 | D:2      | Gained mutation: You have razor-sharp toenails. [demonic ancestry]
   724 | D:2      | Reached XP level 3. HP: 26/28 MP: 3/3
   879 | D:2      | Reached skill level 1 in Armour
  1376 | D:3      | Noticed vishdafish's ghost (amateur DsHu)
  1388 | D:3      | HP: 1/42 [vishdafish's ghost (6)]
  1389 | D:3      | Succumbed to vishdafish's ghost's poison

Vault maps used:
D:1:      lemuel_arrival_funnel

Skill      XL: |  1  2  3 |
---------------+----------+-----
Dodging        | 2 |  2.2
Crossbows      | 4 |  4.1
Armour         | 1 |  1.2
Fighting       | |  2.5
Stealth        | |  0.8

Action                   || total
-------------------------++-------
Melee: Mace              ||     7
       Kick              ||     1
 Fire: Hand crossbow     ||    79
  Use: Potion            ||     1
  Eat: Chunk             ||     1
Armor: Leather armour    ||     5
Dodge: Dodged            ||    18

Table legend:
 A = Spawn XP
 B = Non-spawn XP
 C = Spawn XP percentage of total XP
 D = Spawn monster count
 E = Non-spawn monster count
 F = Spawn count percentage of total count
 G = Total turns spent on level
                    A         B        C        D         E        F      G
               +---------+---------+-------+---------+---------+-------+---------
         Total |       0 |      79 |   0.0 |       0 |      35 |   0.0 |  1389
               +---------+---------+-------+---------+---------+-------+---------
           D:1 |       0 |      32 |   0.0 |       0 |      17 |   0.0 |   717
           D:2 |       0 |      47 |   0.0 |       0 |      18 |   0.0 |   662
               +---------+---------+-------+---------+---------+-------+---------
